AoeStats
← dulee273

Nomad

509938532Analyzed
3v3 RM · 4d ago on Sep 28, 2026· 60m 20s· 6 players
Game mode
Random Map
Map size
210×210
Population
200
Speed
Normal
Resources
Standard
Victory
Conquest
Starting age
Dark Age
Ending age
Imperial Age
RankedLock teamsTeams togetherTeam positionsShared explorationLock speedFull tech treeHidden civsTurbo modeCheats
Victory
Defeat
🇨🇭 Vietnamese · Switzerland
835
+16
🇩🇪 Huns · Germany
835
+16
🇳🇱 Franks · Netherlands
819
+17
🇳🇱 Celts · Netherlands
861
-18
🇺🇸 Huns · United States
848
-17
🇺🇸 Bulgarians · United States
791
-14
dulee273
6:17 Loom
14:19 Feudal Age
14:50 Double-Bit Axe
15:49 Gold Mining
17:55 Horse Collar
18:17 Fletching
23:42 Castle Age
25:14 Pikeman
26:15 Crossbowman
27:24 Heavy Plow
27:37 Bow Saw
34:23 Ballistics
41:12 Imperial Age
40:21 Stone Mining
41:30 Bodkin Arrow
44:37 Stone Shaft Mining
44:39 Crop Rotation
44:24 Bracer
46:05 Padded Archer Armor
46:21 Scale Mail Armor
48:54 Wheelbarrow
48:50 Onager
49:30 Halberdier
50:55 Hand Cart
53:11 Chain Mail Armor
53:12 Leather Archer Armor
61:02 Two-Man Saw
JiB'S
16:33 Feudal Age
24:40 Forging
28:17 Castle Age
28:13 Scale Barding Armor
28:35 Padded Archer Armor
29:44 Pikeman
29:55 Light Cavalry
35:08 Fletching
42:55 Wheelbarrow
42:17 Bodkin Arrow
42:24 Squires
43:31 Husbandry
43:19 Loom
43:53 Hand Cart
51:55 Imperial Age
50:59 Chain Barding Armor
51:14 Iron Casting
50:56 Leather Archer Armor
52:26 Ballistics
52:17 Masonry
52:03 Murder Holes
52:02 Elite Throwing Axeman
53:18 Hoardings
52:28 Cavalier
53:02 Gold Mining
58:47 Blast Furnace
58:23 Plate Barding Armor
57:11 Halberdier
57:27 Paladin
58:12 Ordonnance Companies
59:14 Conscription
strahil_2009
6:12 Loom
18:46 Feudal Age
20:13 Double-Bit Axe
21:21 Fishing Lines
22:27 Wheelbarrow
22:36 Horse Collar
26:08 Bloodlines
28:10 Castle Age
26:43 Forging
27:31 Scale Barding Armor
27:26 Scale Mail Armor
30:19 Gillnets
31:26 Hand Cart
31:24 Bow Saw
31:19 Husbandry
33:03 Marauders
35:37 Imperial Age
34:03 Gold Mining
35:19 Man-at-Arms
36:23 Heavy Plow
36:52 Long Swordsman
38:29 Iron Casting
41:27 Two-Handed Swordsman
42:09 Pikeman
42:49 Squires
44:33 Two-Man Saw
43:30 Halberdier
46:01 Conscription
46:25 Elite Tarkan
49:45 Chain Barding Armor
52:14 Blast Furnace
51:29 Chain Mail Armor
51:50 Plate Barding Armor
52:43 Chemistry
52:04 Ballistics
Baas Ar
16:10 Feudal Age
20:26 Castle Age
18:16 Double-Bit Axe
18:13 Horse Collar
18:18 Fishing Lines
20:24 Wheelbarrow
22:00 Gillnets
23:02 Scale Barding Armor
26:22 Forging
28:09 Hand Cart
39:08 Iron Casting
41:09 Elite Skirmisher
44:08 Crossbowman
45:15 Padded Archer Armor
52:13 Imperial Age
54:29 Cavalier
55:13 Pikeman
56:03 Halberdier
Toade7
16:16 Feudal Age
19:42 Castle Age
18:21 Fishing Lines
19:54 Forging
19:53 Scale Barding Armor
19:44 Double-Bit Axe
21:27 Bow Saw
22:32 Iron Casting
22:24 Town Watch
24:39 Town Patrol
25:19 Pikeman
27:47 Loom
29:38 Wheelbarrow
30:22 Chain Barding Armor
31:22 Gold Mining
37:59 Imperial Age
39:33 Hand Cart
40:56 Blast Furnace
40:32 Scale Mail Armor
40:43 Fletching
43:20 Bagains
43:50 Gillnets
44:33 Horse Collar
45:32 Gold Shaft Mining
44:20 Capped Ram
45:26 Chain Mail Armor
45:09 Bodkin Arrow
45:51 Siege Ram
48:14 Plate Mail Armor
49:12 Conscription
50:26 Gambesons
50:41 Squires
50:29 Arson
52:40 Halberdier
DONtheDON
18:29 Feudal Age
19:11 Double-Bit Axe
24:03 Bloodlines
26:15 Padded Archer Armor
26:08 Fletching
26:18 Horse Collar
29:51 Castle Age
28:44 Scale Barding Armor
29:33 Padded Archer Armor
30:18 Light Cavalry
30:22 Pikeman
33:30 Heavy Plow
34:32 Bow Saw
35:31 Leather Archer Armor
38:26 Bodkin Arrow
39:11 Elite Skirmisher
46:21 Imperial Age
47:32 Parthian Tactics
49:26 Cavalier
51:34 Bracer
Connection lost

Rejoining the realm…

Still unreachable

The connection could not be restored.

Session expired

The server has moved on; the page needs a fresh start.